 Dungeon Crawl Stone Soup version 0.31-a0-319-g4fced400ed (webtiles) character file.

Game seed: 7682942250340877543

877 lessens the Cleaver (level 7, -4/52 HPs)
             Began as a Demonspawn Fighter on July 17, 2023.
             Slain by Edmund
             ... wielding a +2 dire flail of holy wrath
              (12 damage)
             ... on level 5 of the Dungeon.
             The game lasted 00:05:18 (4982 turns).

lessens the Cleaver (Demonspawn Fighter)            Turns: 4982, Time: 00:05:19

Health: -4/52      AC:  8    Str: 22    XL:     7   Next: 75%
Magic:  7/7        EV:  8    Int:  9    God:
Gold:   203        SH: 12    Dex: 11    Spells: 6/6 levels left

rFire   x . .        a - +0 war axe
rCold   . . .        t - +0 kite shield
rNeg    . . .        b - +0 scale mail
rPois   +            (no helmet)
rElec   .            (no cloak)
rCorr   .            (no gloves)
SInv    .            (no boots)
Will    +....        d - amulet of faith Stlth
                     r - ring of poison resistance
HPRegen 0.28/turn    (no ring)
MPRegen 0.10/turn

%: faith
@: enlightened, flying
A: icy blue scales 1, spiny 1, condensation shield, strong 1, heat vulnerability
1
a: no special abilities


You were on level 5 of the Dungeon.
You visited 2 branches of the dungeon, and saw 6 of its levels.

You collected 203 gold pieces.

Inventory:

Hand Weapons
 a - a +0 war axe (weapon)
Missiles
 c - 3 boomerangs
 h - 17 stones
Armour
 b - a +0 scale mail (worn)
 t - a +0 kite shield (worn)
Jewellery
 d - an amulet of faith (around neck)
 r - a ring of poison resistance (left hand)
Scrolls
 e - 3 scrolls of identify {unknown}
 f - a scroll of revelation {unknown}
 g - 2 scrolls of immolation {unknown}
 i - 3 scrolls of poison {unknown}
 k - 3 scrolls of blinking {unknown}
 m - a scroll of amnesia {unknown}
 n - a scroll of fog {unknown}
 o - 2 scrolls of enchant armour {unknown}
 s - a scroll of brand weapon {unknown}
 v - 2 scrolls of teleportation {unknown}
Potions
 l - 3 potions of heal wounds
 q - a potion of enlightenment


   Skills:
 - Level 3.0 Fighting
 + Level 8.3 Axes
 - Level 2.6 Armour
 - Level 2.6 Shields


You had 6 spell levels left.
You didn't know any spells.
Your spell library was empty.

Dungeon Overview and Level Annotations

Branches:
Dungeon (5/15) Zot: 24933  Temple (1/1) D:4 Zot: 5996

Altars:
Ashenzari
Cheibriados
Dithmenos
Fedhas
Gozag
Hepliaklqana
Kikubaaqudgha
Makhleb
Nemelex Xobeh
Ru
Vehumet
Xom
Yredelemnul

Annotations:
D:5 Edmund


Innate Abilities, Weirdness & Mutations

You are partially covered in icy blue scales. (AC +2)
You are partially covered in sharp spines.
A meltable shield of frost defends you. (SH +4)
Your muscles are strong. (Str +4, Int/Dex -1)
You are vulnerable to heat. (rF-)


Message History

You barely miss Edmund. You block Edmund's attack.
Edmund hits you with a +2 dire flail of holy wrath!
You convulse!
You hit Edmund but do no damage. Edmund is struck by your spines.
Edmund hits you with a +2 dire flail of holy wrath!
You convulse.
Edmund attacks as you move away!
Edmund hits you with a +2 dire flail of holy wrath!
* * * LOW HITPOINT WARNING * * *
You convulse!
* * * LOW HITPOINT WARNING * * *
It was a potion of heal wounds.
You feel much better. You block Edmund's attack.
Okay, then.
There's nothing to close nearby.
It was a potion of enlightenment.
You feel very buoyant.
You fly up into the air.
You block Edmund's attack.
It was a potion of mutation.
You feel extremely strange.
You feel vulnerable to heat.
You feel stronger. You block Edmund's attack.
It was a potion of magic.
Magic courses through your body. Edmund is struck by your spines.
Edmund hits you with a +2 dire flail of holy wrath.
You convulse.
It was a potion of curing.
You feel better. You block Edmund's attack.
You hit Edmund but do no damage.
Edmund is moderately wounded.
Edmund is struck by your spines.
Edmund hits you with a +2 dire flail of holy wrath.
You convulse.
You slash Edmund!
Edmund is severely wounded.
You block Edmund's attack.
You hit Edmund.
Edmund is severely wounded.
Edmund hits you with a +2 dire flail of holy wrath!
* * * LOW HITPOINT WARNING * * *
You convulse!
You die...

...........'.....
...........#####.
.......†...# #. ..
...........# #.
....####...........#
#.
................####
##
#.#.###.#######.###
#. #@##### #...## #.
##[@...# ###..#####.
#......# ##.......
###....# #...####
###.#######.#..##.
#.##......##..#.
#####.##.###..###...
#.....##.# #........
#.....##.###..######
#.........##.....# #


You could see Edmund.

Vanquished Creatures
  2 black bears (D:4)
  An ogre (D:3)
  A centaur (D:5)
  2 scorpions
  A jelly (D:3)
  An orc priest (D:4)
  A hound (D:4)
  3 orc wizards (D:4)
  3 iguanas (D:5)
  4 gnolls (D:5)
  2 adders
  A white imp (D:5)
  An ufetubus (D:5)
  4 worms
  A dart slug (D:4)
  10 orcs
  7 ball pythons
  2 bats (D:1)
  6 endoplasms
  5 giant cockroaches
  10 goblins
  7 hobgoblins
  8 jackals
  4 quokkas
  5 frilled lizards
  A kobold (D:4)
  6 rats
99 creatures vanquished.

Notes
Turn   | Place    | Note
-------+----------+-------------------------------------------
     0 | D:1      | lessens the Demonspawn Fighter began the quest for the Orb.
     0 | D:1      | Reached XP level 1. HP: 18/18 MP: 1/1
    71 | D:1      | Reached skill level 2 in Axes
   131 | D:1      | Gained mutation: You are partially covered in icy blue
                  | scales. (AC +2) [demonic ancestry]
   131 | D:1      | Reached XP level 2. HP: 21/24 MP: 2/2
   428 | D:1      | Reached skill level 3 in Axes
   547 | D:1      | Reached XP level 3. HP: 29/29 MP: 3/3
   584 | D:2      | Found a faded altar of an unknown god.
   723 | D:2      | Found a shimmering altar of Xom.
  1292 | D:3      | Reached skill level 4 in Axes
  1292 | D:3      | Reached XP level 4. HP: 13/35 MP: 4/4
  1616 | D:3      | Found a blossoming altar of Fedhas.
  2310 | D:3      | Noticed an ogre
  2316 | D:3      | Killed an ogre
  2317 | D:3      | Reached skill level 5 in Axes
  2317 | D:3      | Gained mutation: You are partially covered in sharp spines.
                  | [demonic ancestry]
  2317 | D:3      | Reached XP level 5. HP: 41/41 MP: 5/5
  2366 | D:3      | Found a snail-covered altar of Cheibriados.
  2710 | D:4      | Found a staircase to the Ecumenical Temple.
  2757 | Temple   | Entered the Ecumenical Temple
  2878 | D:4      | Reached XP level 6. HP: 22/47 MP: 6/6
  3062 | D:4      | Reached skill level 6 in Axes
  3674 | D:4      | Reached skill level 7 in Axes
  3674 | D:4      | Gained mutation: A meltable shield of frost defends you.
                  | (SH +4) [demonic ancestry]
  3674 | D:4      | Reached XP level 7. HP: 24/52 MP: 7/7
  4235 | D:5      | Entered Level 5 of the Dungeon
  4747 | D:5      | Reached skill level 8 in Axes
  4961 | D:5      | Identified the +2 leather armour of Peek-a-Boo {Harm Int+2}
  4964 | D:5      | Noticed Edmund
  4974 | D:5      | HP: 1/52 [Edmund/+2 dire flail of holy wrath (11)]
  4977 | D:5      | Gained mutation: You are vulnerable to heat. (rF-) [potion
                  | of mutation]
  4977 | D:5      | Gained mutation: Your muscles are strong. (Str +4, Int/Dex
                  | -1) [potion of mutation]
  4982 | D:5      | Slain by Edmund

Illustrated notes

Levels and vault maps discovered:
D:1:      evilmike_arrival_plus, layout_basic
D:2:      layout_loops_ring, ebering_ecumenical_altar_sacrificial, basic_altar
D:3:      layout_basic, general_overflow_altar, fedhas_altar_3,
          chequers_serial_rivers_room_a
D:4:      mumra_celtic_spiral_tile, layout_basic, minmay_temple_entry_glass,
          kennysheep_generic_room_15
D:5:      layout_basic, uniq_edmund, uniq_menkaure, uniq_eustachio
Temple:   hellmonk_temple_forest_ring

Skill      XL: |  1  2  3  4  5  6  7 |
---------------+----------------------+-----
Axes           | 2 3 4 5 7 8 |  8.3
Fighting       | |  3.0
Armour         | |  2.6
Shields        | |  2.6

Action                     |  1- 3 |  4- 6 |  7- 9 || total
---------------------------+-------+-------+-------++-------
  Melee: War axe           |   110 |   109 |    59 ||   278
    Use: Potion            |       |     1 |     5 ||     6
 Armour: Scale mail        |    67 |    60 |    18 ||   145
  Dodge: Dodged            |    50 |    47 |    18 ||   115
  Block: Buckler           |    20 |    21 |     1 ||    42
         Kite shield       |       |       |    59 ||    59

Table legend: (Time is in decaauts)
 A = Elapsed time spent in this place.
 B = Non-inter-level travel time spent in this place.
 C = Inter-level travel time spent in this place.
 D = Time resting spent in this place.
 E = Time spent auto-exploring this place.
 F = Levels seen in this place.
 G = Mean time per level.
                   A        B        C        D        E       F      G
               +--------+--------+--------+--------+--------+-----+--------+
         Total |   5068 |   4917 |    151 |    400 |   3754 |   6 |  844.7 |
       Dungeon |   5065 |   4914 |    151 |    400 |   3754 |   5 | 1013.0 |
        Temple |      3 |      3 |      0 |      0 |      0 |   1 |    3.0 |
               +--------+--------+--------+--------+--------+-----+--------+

Top non-repeatable levels by time:
     D:4: 1875 daAuts
     D:3: 1185 daAuts
     D:2: 712 daAuts
     D:5: 678 daAuts
     D:1: 613 daAuts
  Temple: 3 daAuts

Levels and vault maps discovered:
D:1:      evilmike_arrival_plus, layout_basic
D:2:      layout_loops_ring, ebering_ecumenical_altar_sacrificial, basic_altar
D:3:      layout_basic, general_overflow_altar, fedhas_altar_3,
          chequers_serial_rivers_room_a
D:4:      mumra_celtic_spiral_tile, layout_basic, minmay_temple_entry_glass,
          kennysheep_generic_room_15
D:5:      layout_basic, uniq_edmund, uniq_menkaure, uniq_eustachio
Temple:   hellmonk_temple_forest_ring
